 Dungeon Crawl Stone Soup version 0.31-a0-154-g56bf346678 (webtiles) character file.

Game seed: 6064095618147063188

164 nicknak712 the Covered (level 5, -12/42 HPs)
             Began as a Demonspawn Fighter on June 12, 2023.
             Mangled by an ogre
             ... wielding a +0 giant club
              (30 damage)
             ... on level 3 of the Dungeon.
             The game lasted 00:07:09 (2132 turns).

nicknak712 the Covered (Demonspawn Fighter)         Turns: 2132, Time: 00:07:09

Health: -12/42     AC:  8    Str: 18    XL:     5   Next: 21%
Magic:  0/5        EV: 11    Int:  9    God:
Gold:   191        SH:  0    Dex: 13    Spells: 4/4 levels left

rFire   . . .        a - +0 war axe
rCold   . . .        (no shield)
rNeg    . . .        b - +0 scale mail
rPois   .            n - +0 helmet
rElec   .            (no cloak)
rCorr   .            (no gloves)
SInv    +            (no boots)
Will    .....        (no amulet) Stlth
                     l - ring of see invisible
HPRegen 0.27/turn    (no ring)
MPRegen 0.18/turn

%: guardian spirit
@: mighty
A: claws 1, repulsion field 1, magic shield, magic regeneration
a: no special abilities


You were on level 3 of the Dungeon.
You visited 1 branch of the dungeon, and saw 3 of its levels.

You collected 191 gold pieces.

Inventory:

Hand Weapons
 a - a +0 war axe (weapon)
 o - a +2 sling of flaming
Missiles
 g - 2 boomerangs of dispersal
Armour
 b - a +0 scale mail (worn)
 c - a +0 buckler
 n - a +0 helmet (worn)
Magical Staves
 j - a staff of fire
Jewellery
 l - a ring of see invisible (left claw)
Scrolls
 e - a scroll of immolation {unknown}
 h - a scroll of identify {unknown}
 k - a scroll of torment {unknown}
 p - a scroll of teleportation {unknown}
 q - a scroll of fear {unknown}
Potions
 d - a potion of might
 f - 2 potions of haste {unknown}
 i - 4 potions of mutation {unknown}
 m - a potion of lignification {unknown}
 r - a potion of berserk rage {unknown}


   Skills:
 + Level 3.6 Fighting
 * Level 3.3 Axes
 * Level 3.8 Armour
 - Level 3.0 Shields


You had 4 spell levels left.
You didn't know any spells.
Your spell library contained the following spells:

 Spells                   Type           Power      Damage    Failure   Level
 Gell's Gravitas          Tloc           0%         N/A       98%         3
 Teleport Other           Tloc           0%         N/A       98%         3
 Summon Forest            Summ/Tloc      0%         N/A       100%        5
 Summon Mana Viper        Hex/Summ       0%         N/A       100%        5
 Dispersal                Tloc           0%         N/A       100%        6
 Summon Cactus Giant      Summ           0%         N/A       100%        6


Dungeon Overview and Level Annotations

Branches:
Dungeon (3/15)

Altars:

Shops:
D:2 !


Innate Abilities, Weirdness & Mutations

You have sharp fingernails.
You are surrounded by a mild repulsion field. (EV +2)
When hurt, damage is shared between your health and your magic reserves.
You regenerate magic rapidly.


Message History

Moving in this stuff is going to be slow.
A quokka is nearby!
The quokka barely misses you. The quokka closely misses you.
Your unstable footing causes you to fumble your attack.
The quokka closely misses you.
The quokka splashes around in the water.
You slash the quokka!
You kill the quokka!
No target in view!
An endoplasm comes into view.
The endoplasm quivers.
An endoplasm is nearby!
The endoplasm barely misses you.
You slash the endoplasm!
You kill the endoplasm!
No target in view!
You open the door.
There is an open door here.
You enter the shallow water.
Moving in this stuff is going to be slow.
You see here a quokka corpse.
You open the door.
There is an open door here.
You open the door.
An ogre comes into view. It is wielding a +0 giant club.
The ogre hits you with a +0 giant club!
There is an open door here.
You hit the ogre but do no damage. The ogre barely misses you.
You barely miss the ogre. You hit the ogre but do no damage.
The ogre hits you with a +0 giant club!!
You are too injured to fight recklessly!
You are too injured to fight recklessly!
You are too injured to fight recklessly!
You are too injured to fight recklessly!
You are too injured to fight recklessly!
You feel very mighty all of a sudden.
The ogre hits you with a +0 giant club!!
Ouch! That really hurt!
You die...

# . .. #.# # ... .# ###.##.#
#+###+# #......#.# #.O...#
#..... .## #######
+##+##@##+##+.#.####..# #.....#
#.....#.....#.......... #.....#
#.....#.....#.#.###...# #.....#
###+##'##+###.........# #.....#
#........##....#...... ......#
####................## ......#
#.....#.....#.##.#
).....#########.....#.....#<.# #
..................#.#.^.#.####.#


You could see an ogre.

Vanquished Creatures
  A hound (D:3)
  Robin (D:3)
  4 adders
  An orc (D:3)
  5 ball pythons
  6 endoplasms
  6 giant cockroaches
  14 goblins
  12 hobgoblins
  4 jackals (D:1)
  3 kobolds
  6 quokkas
  2 bats
  4 frilled lizards (D:2)
  8 rats
77 creatures vanquished.

Notes
Turn   | Place    | Note
-------+----------+-------------------------------------------
     0 | D:1      | nicknak712 the Demonspawn Fighter began the quest for the
                  | Orb.
     0 | D:1      | Reached XP level 1. HP: 18/18 MP: 1/1
   116 | D:1      | Gained mutation: You are surrounded by a mild repulsion
                  | field. (EV +2) [demonic ancestry]
   116 | D:1      | Reached XP level 2. HP: 24/24 MP: 2/2
   131 | D:1      | You fall into a shaft and drop 1 floor!
   531 | D:1      | Gained mutation: You regenerate magic rapidly. [demonic
                  | ancestry]
   531 | D:1      | Reached XP level 3. HP: 26/29 MP: 3/3
   929 | D:2      | Found Evibb's Distillery.
  1241 | D:2      | Gained mutation: You have sharp fingernails. [demonic
                  | ancestry]
  1241 | D:2      | Reached XP level 4. HP: 35/35 MP: 4/4
  1468 | D:3      | Noticed Robin
  1496 | D:3      | Killed Robin
  1903 | D:3      | Gained mutation: When hurt, damage is shared between your
                  | health and your magic reserves. [demonic ancestry]
  1903 | D:3      | Reached XP level 5. HP: 35/41 MP: 5/5
  2127 | D:3      | Noticed an ogre
  2132 | D:3      | Mangled by an ogre

Illustrated notes

Levels and vault maps discovered:
D:1:      spicycebolla_green_bress_n_ham_2, layout_rooms, fountainhead
D:2:      layout_rooms, serial_shops, nicolae_shop_behind_doors, minmay_puff
D:3:      wander_river, layout_basic, zin_scriptorium,
          mainiacjoe_overflow_24_doors, st_stairs_14, grunt_decor_junction,
          uniq_robin

Skill      XL: |  1  2  3  4 |
---------------+-------------+-----
Axes           | 2 3 |  3.3
Armour         | 3 |  3.8
Shields        | 3 |  3.0
Fighting       | |  3.6

Action                     |  1- 3 |  4- 6 || total
---------------------------+-------+-------++-------
  Melee: War axe           |   125 |    78 ||   203
         Punch             |       |     2 ||     2
    Use: Potion            |       |     1 ||     1
 Armour: Scale mail        |    68 |    39 ||   107
  Dodge: Dodged            |    72 |    54 ||   126
  Block: Buckler           |    22 |     2 ||    24

Table legend: (Time is in decaauts)
 A = Elapsed time spent in this place.
 B = Non-inter-level travel time spent in this place.
 C = Inter-level travel time spent in this place.
 D = Time resting spent in this place.
 E = Time spent auto-exploring this place.
 F = Levels seen in this place.
 G = Mean time per level.
                   A        B        C        D        E       F      G
               +--------+--------+--------+--------+--------+-----+--------+
         Total |   2237 |   2186 |     51 |    164 |   1470 |   3 |  745.7 |
       Dungeon |   2237 |   2186 |     51 |    164 |   1470 |   3 |  745.7 |
               +--------+--------+--------+--------+--------+-----+--------+

Top non-repeatable levels by time:
     D:1: 818 daAuts
     D:3: 782 daAuts
     D:2: 637 daAuts
